 Dungeon Sprint DCSS version 0.24-a0-459-g225fefd530 (webtiles) character file.

Game seed: 1935798972264434863

25 epen the Covert (level 2, -9/15 HPs)
             Began as a Spriggan Assassin on June 29, 2019.
             Mangled by an ogre
             ... wielding a +0 giant club
              (12 damage)
             ... in the Dungeon (Sprint I: "Red Sonja").
             The game lasted 00:00:26 (69 turns).

epen the Covert (Spriggan Assassin)                   Turns: 69, Time: 00:00:27

Health: -9/15      AC:  3    Str:  7    XL:     2   Next: 82%
Magic:  3/3        EV: 17    Int: 12    God:
Gold:   0          SH:  0    Dex: 17    Spells: 1/1 levels left

rFire    . . .     SeeInvis +   a - +2 dagger
rCold    . . .     Gourm    .   (shield restricted)
rNeg     . . .     Faith    .   b - +0 robe
rPois    .         Spirit   .   (helmet restricted)
rElec    .         Reflect  .   c - +0 cloak
rCorr    .         Harm     .   (gloves unavailable)
MR       .....     NoTele   +   (boots unavailable)
Stlth    ++++......             (no amulet)
HPRegen  0.05/turn              (no ring)
MPRegen  0.08/turn              (no ring)

@: very quick
A: very small, unfitting armour, see invisible, herbivore, speed 3, slow
metabolism 2
a: no special abilities


You were in the Dungeon.
You were not hungry.

You visited 1 branch

Inventory:

Hand Weapons
 a - a +2 dagger (weapon)
Missiles
 d - 6 poisoned darts (quivered)
Armour
 b - a +0 robe (worn)
 c - a +0 cloak (worn)
Wands
 m - a wand of polymorph (4)
Scrolls
 l - a scroll of blinking
Potions
 g - a potion of curing
 h - a potion of heal wounds
 i - a potion of haste
 j - 2 potions of magic
 k - a potion of berserk rage
Comestibles
 f - a ration


   Skills:
 + Level 2.1 Fighting
 + Level 2.8 Short Blades
 + Level 2.6 Throwing
 + Level 1.8 Dodging
 + Level 9.5 Stealth


You had one spell level left.
You didn't know any spells.
Your spell library was empty.

Dungeon Overview and Level Annotations

Branches:
Dungeon (1/1)

Altars:


Innate Abilities, Weirdness & Mutations

You are very small and have problems with some larger weapons.
You are too small for most types of armour.
You have supernaturally acute eyesight. (SInv)
You are a herbivore.
You cover ground extremely quickly.
You need to consume almost no food.


Message History

You throw a curare-tipped dart.
The curare-tipped dart barely misses the ogre.
Things that are here:
a +0 scale mail; the goblin corpse of Ijyb
There is a fountain of clear blue water here.
Throwing (i - inventory)
d - 8 poisoned darts (quivered)
Press: ? - help, Shift-Dir - straight line, f/p - ogre
Aim: an ogre, wielding a +0 giant club (lightly wounded)
You throw a poisoned dart. The poisoned dart hits the ogre.
The ogre is poisoned.
The ogre is lightly wounded.
Throwing (i - inventory)
d - 7 poisoned darts (quivered)
Press: ? - help, Shift-Dir - straight line, f/p - ogre
Aim: an ogre, wielding a +0 giant club (lightly wounded, poisoned)
You throw a poisoned dart. The poisoned dart hits the ogre.
The ogre looks even sicker.
The ogre is lightly wounded.
The ogre hits you with a +0 giant club!
Ouch! That really hurt!
You die...

##########
#<.#..(..#
#..'.(#..+
#.[#####+#
#(.# #(@#
#O.# #⌠⌠#
####


You could see an ogre.

Vanquished Creatures
  Ijyb (D)
1 creature vanquished.

Notes
Turn   | Place    | Note
-------+----------+-------------------------------------------
     0 | D        | epen the Spriggan Assassin began the quest for the Orb.
     0 | D        | Reached XP level 1. HP: 10/10 MP: 2/2
     1 | D        | Noticed Ijyb
    23 | D        | Killed Ijyb
    23 | D        | Reached skill level 9 in Stealth
    23 | D        | Reached XP level 2. HP: 14/15 MP: 3/3
    51 | D        | Noticed an ogre
    69 | D        | Mangled by an ogre

Levels and vault maps discovered:
D:        dungeon_sprint_1 [red_sonja_temple_1, red_sonja_temple_small_1]

Skill      XL: |  1 |
---------------+----+-----
Fighting       | 2 |  2.1
Stealth        | 9 |  9.5
Short Blades   | |  2.8
Throwing       | |  2.6
Dodging        | |  1.8

Action                   || total
-------------------------++-------
Melee: Unarmed           ||     6
       Dagger            ||     2
Throw: Dart              ||     6
Dodge: Dodged            ||     5

Table legend:
 A = Non-vault XP
 B = Vault XP
 C = Vault XP percentage of total XP
 D = Non-vault monster count
 E = Vault monster count
 F = Vault count percentage of total count
                 A         B        C        D         E       F
            +---------+---------+-------+---------+---------+-------
      Total |       0 |      36 | 100.0 |       0 |       1 | 100.0
            +---------+---------+-------+---------+---------+-------
          D |       0 |      36 | 100.0 |       0 |       1 | 100.0
            +---------+---------+-------+---------+---------+-------
